 Dungeon Crawl Stone Soup version 0.23.2-1-ga50397a (webtiles) character file.

Game seed: 10690835145234667692

457 IBeShadow the Bolt Thrower (level 7, -2/44 HPs)
             Began as a Kobold Hunter on Apr 26, 2019.
             Slain by Menkaure (15 damage)
             ... in an ossuary.
             The game lasted 00:15:42 (4166 turns).

IBeShadow the Bolt Thrower (Kobold Hunter)          Turns: 4166, Time: 00:15:43

Health: -2/44      AC:  0    Str: 11    XL:     7   Next: 27%
Magic:  7/7        EV: 15    Int: 12    God:
Gold:   208        SH:  0    Dex: 16    Spells: 6/6 levels left

rFire    . . .     SeeInvis .   (weapon currently unavailable)
rCold    . . .     Gourm    .   (shield currently unavailable)
rNeg     . . .     Faith    .   (armour currently unavailable)
rPois    .         Spirit   .   (helmet currently unavailable)
rElec    .         Reflect  .   (cloak currently unavailable)
rCorr    .         Harm     .   (gloves currently unavailable)
MR       .....                  (boots currently unavailable)
Stlth    ++........             (no amulet)
HPRegen  0.14/turn              (ring currently unavailable)
MPRegen  0.10/turn              (ring currently unavailable)

@: about to teleport, pig-form, hasted, very quick
A: small, carnivore
a: no special abilities


You were in an ossuary.
You were full.
You were a filthy swine.
You visited 1 branch of the dungeon, and saw 4 of its levels.
You also visited: Ossuary.

You collected 208 gold pieces.

Inventory:

Hand Weapons
 a - a +1 hand crossbow
 b - a +0 short sword
 m - a +0 vampiric dagger
Missiles
 d - 11 bolts
Armour
 c - a +0 leather armour
 n - a scarf of resistance (melded)
 w - a +1 pair of gloves (melded)
 y - a +0 leather armour of cold resistance (melded)
Magical Staves
 t - a cursed staff of energy (melded)
Jewellery
 p - a +5 ring of intelligence
 u - a +4 ring of protection (melded)
 v - a +2 ring of protection (melded)
Wands
 l - a wand of polymorph (10)
Scrolls
 i - 4 scrolls of identify
 o - 2 scrolls of amnesia
 x - 2 scrolls of fog
Comestibles
 f - 5 rations


   Skills:
 + Level 4.4 Fighting
 + Level 4.3 Short Blades
 * Level 7.7 Crossbows
 - Level 2.4 Dodging
 - Level 1.3 Stealth


You had 6 spell levels left.
You didn't know any spells.
Your spell library was empty.

Dungeon Overview and Level Annotations

Branches:
Dungeon (4/15)
 Temple: D:4-7

Altars:
Xom

Shops:
D:4 =

Annotations:
Ossuary Menkaure


Innate Abilities, Weirdness & Mutations

You are small and have problems with some larger weapons.
You are carnivorous and can eat meat at any time.


Message History

Press: ? - help, Shift-Dir - straight line, f - you, p - Menkaure
Okay, then.
Aiming: Polymorph
Press: ? - help, Shift-Dir - straight line, f - you You turn into a filthy swine.
Your cursed staff of energy melds into your body.
Your scarf of resistance melds into your body.
Your +1 pair of gloves melds into your body.
Your +0 leather armour of cold resistance melds into your body.
Your +2 ring of protection melds into your body.
Your +4 ring of protection melds into your body.
You feel hot and cold all over.
You feel less resistant to cold.
Menkaure calls on the powers of darkness!
Your body is wracked with pain!
* * * LOW HITPOINT WARNING * * *
You aren't carrying any potions.
As you read the scroll of teleportation, it crumbles to dust.
You feel strangely unstable. The goblin zombie barely misses you.
Menkaure hits you!
You die...

##..##..####..##..#
##..##..######.^##..
##..##..##^...##..##.
##..##..##.^##^.##..##
##..##..##..####..##..#
##..##..##..## ##..##^.
##..##..##..## ##..##.
##.^##..##..## ##^^##
##^.##..##h.## ##..#
##..##^.##MZ## ##..
##.^##..##..## ##. ##..##..##..#
## ##..##..##... #
##..##.^########################
##..##...^...............^....^..
#..##############################
^.....................^....^.^...


You could see Menkaure and a goblin zombie.

Vanquished Creatures
  Sigmund (D:4)
  A howler monkey (D:4)
  A human skeleton (D:4)
  A worker ant (D:4)
  3 mummies (Ossuary)
  3 gnolls (D:2)
  4 adders
  4 oozes
  3 worms
  A dart slug (D:2)
  A leopard gecko (D:1)
  2 orcs (D:3)
  4 giant cockroaches
  9 hobgoblins
  A quokka (D:3)
  A ball python (D:2)
  6 bats
  5 frilled lizards
  8 gnoll skeletons (Ossuary)
  4 gnoll zombies (Ossuary)
  12 goblins
  2 goblin skeletons (Ossuary)
  A goblin zombie (Ossuary)
  6 hobgoblin skeletons (Ossuary)
  3 hobgoblin zombies (Ossuary)
  4 kobolds
  6 kobold zombies (Ossuary)
  2 orc skeletons (Ossuary)
  2 orc zombies (Ossuary)
  5 rats
  5 rat skeletons (Ossuary)
  3 rat zombies (Ossuary)
  A butterfly (D:2)
115 creatures vanquished.

Vanquished Creatures (others)
  A goblin skeleton (Ossuary)
  A goblin zombie (Ossuary)
  An orc zombie (Ossuary)
3 creatures vanquished.

Grand Total: 118 creatures vanquished

Notes
Turn   | Place    | Note
-------+----------+-------------------------------------------
     0 | D:1      | IBeShadow the Kobold Hunter began the quest for the Orb.
     0 | D:1      | Reached XP level 1. HP: 12/12 MP: 1/1
    81 | D:1      | Reached skill level 5 in Crossbows
    81 | D:1      | Reached XP level 2. HP: 18/18 MP: 2/2
   152 | D:1      | Reached skill level 1 in Short Blades
   220 | D:1      | Reached XP level 3. HP: 22/22 MP: 3/3
  1062 | D:2      | Reached XP level 4. HP: 23/27 MP: 4/4
  1374 | D:2      | Reached skill level 6 in Crossbows
  1379 | D:2      | Reached XP level 5. HP: 30/32 MP: 5/5
  1541 | D:2      | Found a shimmering altar of Xom.
  2921 | D:4      | Noticed Sigmund
  2927 | D:4      | Killed Sigmund
  2927 | D:4      | Reached skill level 7 in Crossbows
  2927 | D:4      | Reached XP level 6. HP: 38/38 MP: 6/6
  3112 | D:4      | Found Rapsitos's Jewellery Emporium.
  3187 | D:4      | Reached XP level 7. HP: 9/43 MP: 7/7
  3433 | D:4      | Found a sand-covered staircase.
  3454 | Ossuary  | Entered an ossuary
  4151 | Ossuary  | Noticed Menkaure
  4166 | Ossuary  | Slain by Menkaure

Skill      XL: |  1  2  3  4  5  6 |
---------------+-------------------+-----
Crossbows      | 5 6 7 |  7.7
Short Blades   | 1 2 3 4 |  4.3
Fighting       | 3 4 |  4.4
Dodging        | |  2.4
Stealth        | |  1.3

Action                   |  1- 3 |  4- 6 |  7- 9 || total
-------------------------+-------+-------+-------++-------
Melee: Short sword       |    35 |   115 |       ||   150
       Staff             |       |   111 |   220 ||   331
 Fire: Hand crossbow     |    47 |    12 |       ||    59
Evoke: Wand              |       |     1 |    21 ||    22
  Use: Potion            |     1 |       |     6 ||     7
       Scroll            |       |     5 |     1 ||     6
 Stab: Sleeping          |     2 |       |       ||     2
  Eat: Chunk             |     9 |     7 |     1 ||    17
Armor: Leather armour    |     8 |    55 |    74 ||   137
Dodge: Dodged            |    39 |   188 |   181 ||   408
